General information
- name: BNet
- type: Ladder team game (AT/RT)
- host: Battle.net
- saver: GapInTheTooth
map: RiverOfSouls
- players: 6
- length: 168:44
- speed: Fast
- version: 1.21 W3XP
- replay type: Public
» download(664 KB)
Players
team 1 (loser)
BoiNK.eDYouRMoM (
red | 48 APM | 7338 actions | 154:15)
6 Death Knight
3 Death Coil
3 Unholy Aura
4 Lich
2 Frost Nova
2 Dark Ritual
» actions
| Assign group hotkey | 33 | |
| Basic commands | 12 | |
| Build / train | 65 | |
| ESC pressed | 6 | |
| Enter build submenu | 14 | |
| Enter hero's abilities submenu | 11 | |
| Give item / drop item | 6 | |
| Right click | 4129 | |
| Select / deselect | 811 | |
| Select group hotkey | 2018 | |
| Use ability | 233 | |
7338 total
» units
| Acolyte | 13 | |
| Ghoul | 3 | |
| Crypt Fiend | 8 | |
| Obsidian Statue | 2 | |
| Meatwagon | 2 | |
| Gargoyle | 1 | |
29 total
» upgrades
| Creature Attack | 3 | |
| Web | 1 | |
| Destroyer Form | 2 | |
6 total
» buildings
| Graveyard | 1 | |
| Ziggurat | 6 | |
| Crypt | 1 | |
| Altar of Darkness | 1 | |
| Nerubian Tower | 1 | |
| Tomb of Relics | 1 | |
| Halls of the Dead | 4 | |
| Slaughterhouse | 1 | |
| Black Citadel | 1 | |
| Spirit Tower | 1 | |
| Sacrificial Pit | 1 | |
19 total
» build order
00:13 Graveyard
00:16 Ziggurat
00:26 Crypt
00:47 Altar of Darkness
00:59 Ziggurat
01:30 Nerubian Tower
01:45 Tomb of Relics
02:33 Ziggurat
03:32 Halls of the Dead
03:32 Halls of the Dead
03:33 Halls of the Dead
04:33 Ziggurat
06:36 Slaughterhouse
09:49 Black Citadel
09:53 Ziggurat
16:50 Ziggurat
20:17 Spirit Tower
23:23 Sacrificial Pit
» items
| Rod of Necromancy | 1 | |
| Dust of Appearance | 2 | |
| Potion of Mana | 1 | |
| Potion of Lesser Invulnerability | 1 | |
| Scroll of Protection | 1 | |
| Scroll of Healing | 1 | |
7 total
Lucky.eD (
blue | 23 APM | 3859 actions | 168:40)
3 Blademaster
2 Wind Walk
1 Critical Strike
3 Shadow Hunter
2 Hex
1 Healing Wave
2 Keeper of the Grove
1 Tranquility
1 Force of Nature
» actions
| Assign group hotkey | 57 | |
| Basic commands | 40 | |
| Build / train | 98 | |
| ESC pressed | 2 | |
| Enter build submenu | 72 | |
| Enter hero's abilities submenu | 7 | |
| Give item / drop item | 1 | |
| Remove unit from queue | 2 | |
| Right click | 1125 | |
| Select / deselect | 1065 | |
| Select group hotkey | 1008 | |
| Use ability | 382 | |
3859 total
» units
| Peon | 24 | |
| Grunt | 4 | |
| Troll Headhunter/Berserker | 5 | |
| Troll Batrider | 32 | |
| Troll Witch Doctor | 6 | |
| Raider | 4 | |
75 total
» upgrades
| Witch Doctor Training | 1 | |
| Liquid Fire | 1 | |
| Ensnare | 1 | |
| Ranged Weapons | 3 | |
6 total
» buildings
| Altar of Storms | 1 | |
| Orc Burrow | 7 | |
| Voodoo Lounge | 1 | |
| Barracks | 3 | |
| War Mill | 1 | |
| Stronghold | 1 | |
| Beastiary | 2 | |
| Fortress | 1 | |
| Spirit Lodge | 1 | |
| Great Hall | 1 | |
| Watch Tower | 46 | |
65 total
» build order
00:21 Altar of Storms
00:36 Orc Burrow
00:55 Voodoo Lounge
01:49 Barracks
01:52 Barracks
01:56 Barracks
02:07 Orc Burrow
03:08 War Mill
04:26 Stronghold
06:39 Orc Burrow
07:02 Beastiary
07:13 Beastiary
07:47 Orc Burrow
09:41 Orc Burrow
11:34 Fortress
12:33 Spirit Lodge
15:58 Great Hall
16:25 Watch Tower
16:26 Watch Tower
22:42 Watch Tower
22:43 Watch Tower
22:57 Watch Tower
22:58 Watch Tower
22:58 Watch Tower
23:00 Watch Tower
23:01 Watch Tower
23:16 Watch Tower
23:18 Watch Tower
23:47 Watch Tower
23:51 Watch Tower
23:52 Watch Tower
23:53 Watch Tower
24:02 Watch Tower
25:46 Watch Tower
25:49 Watch Tower
26:44 Watch Tower
26:46 Watch Tower
26:47 Watch Tower
26:50 Watch Tower
27:59 Watch Tower
28:00 Watch Tower
28:03 Watch Tower
28:40 Watch Tower
28:41 Watch Tower
28:42 Watch Tower
28:42 Watch Tower
28:42 Watch Tower
28:44 Watch Tower
28:45 Watch Tower
30:53 Watch Tower
30:54 Watch Tower
30:55 Watch Tower
30:55 Watch Tower
31:12 Watch Tower
31:17 Watch Tower
31:18 Watch Tower
32:41 Orc Burrow
32:53 Watch Tower
32:55 Watch Tower
32:58 Watch Tower
33:01 Watch Tower
33:03 Watch Tower
38:13 Orc Burrow
49:33 Watch Tower
49:51 Watch Tower
» items
| Healing Salve | 1 | |
| Scroll of Town Portal | 2 | |
3 total
NeWB.eD (
yellow | 40 APM | 6325 actions | 159:39)
5 Keeper of the Grove
3 Entangling Roots
2 Force of Nature
6 Priestess of the Moon
3 Trueshot Aura
2 Searing Arrows
1 Scout
» actions
| Assign group hotkey | 35 | |
| Basic commands | 6 | |
| Build / train | 180 | |
| ESC pressed | 34 | |
| Enter build submenu | 100 | |
| Enter hero's abilities submenu | 10 | |
| Give item / drop item | 10 | |
| Remove unit from queue | 2 | |
| Right click | 2453 | |
| Select / deselect | 1057 | |
| Select group hotkey | 2076 | |
| Use ability | 362 | |
6325 total
» units
| Wisp | 78 | |
| Archer | 26 | |
| Druid of the Talon | 13 | |
| Faerie Dragon | 1 | |
| Glaive Thrower | 3 | |
| Hippogryph | 12 | |
| Chimaera | 10 | |
143 total
» upgrades
| Ultravision | 1 | |
| Improved Bows | 1 | |
| Druid of the Talon Training | 2 | |
| Vorpal Blades | 1 | |
| Hippogryph Taming | 1 | |
| Corrosive Breath | 1 | |
| Strength of the Wild | 2 | |
9 total
» buildings
| Altar of Elders | 1 | |
| Moon Well | 10 | |
| Ancient of War | 3 | |
| Hunter's Hall | 1 | |
| Tree of Ages | 2 | |
| Ancient of Wonders | 2 | |
| Ancient of Wind | 4 | |
| Tree of Eternity | 2 | |
| Tree of Life | 3 | |
| Ancient Protector | 53 | |
| Chimaera Roost | 5 | |
86 total
» build order
00:13 Altar of Elders
00:25 Moon Well
02:13 Ancient of War
02:16 Hunter's Hall
02:19 Ancient of War
02:52 Moon Well
03:22 Tree of Ages
03:52 Ancient of Wonders
06:18 Ancient of Wind
06:20 Ancient of Wind
06:22 Tree of Eternity
07:18 Moon Well
08:56 Moon Well
09:52 Tree of Life
10:06 Ancient Protector
10:07 Ancient Protector
10:10 Ancient Protector
10:35 Ancient Protector
13:50 Ancient Protector
13:51 Ancient Protector
14:13 Ancient Protector
14:36 Moon Well
16:00 Ancient Protector
16:07 Moon Well
17:13 Ancient Protector
17:20 Moon Well
17:21 Moon Well
18:40 Ancient Protector
19:23 Tree of Life
19:28 Ancient Protector
19:29 Ancient Protector
19:30 Ancient Protector
20:20 Ancient Protector
20:35 Tree of Life
21:37 Ancient Protector
21:39 Ancient Protector
21:40 Ancient Protector
21:41 Ancient Protector
21:42 Ancient Protector
21:49 Ancient Protector
22:10 Ancient Protector
22:17 Ancient Protector
22:25 Ancient Protector
22:38 Ancient Protector
22:57 Ancient Protector
22:58 Ancient Protector
22:58 Ancient Protector
22:59 Ancient Protector
23:00 Ancient Protector
23:03 Ancient Protector
27:44 Ancient of Wonders
27:48 Ancient Protector
27:49 Ancient Protector
27:51 Ancient Protector
28:19 Moon Well
28:23 Ancient Protector
28:24 Ancient Protector
28:25 Ancient Protector
28:28 Ancient Protector
28:31 Ancient Protector
28:32 Ancient Protector
28:36 Moon Well
28:50 Ancient Protector
29:46 Ancient Protector
29:47 Ancient Protector
29:50 Ancient Protector
29:54 Ancient Protector
32:18 Ancient Protector
32:20 Ancient Protector
32:20 Ancient Protector
32:22 Ancient Protector
32:46 Ancient Protector
32:55 Tree of Ages
34:16 Ancient Protector
34:17 Ancient Protector
34:22 Ancient Protector
34:23 Ancient Protector
35:38 Ancient of Wind
35:42 Ancient of Wind
43:02 Tree of Eternity
43:09 Ancient of War
45:27 Chimaera Roost
45:29 Chimaera Roost
45:59 Chimaera Roost
46:07 Chimaera Roost
47:31 Chimaera Roost
» items
| Scroll of Town Portal | 2 | |
| Lesser Clarity Potion | 2 | |
| Dust of Appearance | 1 | |
| Tome of Retraining | 1 | |
6 total
team 2 (winner)
GapInTheTooth (
pink | 29 APM | 4830 actions | 168:44)
5 Archmage
2 Blizzard
2 Brilliance Aura
1 Mass Teleport
» actions
| Assign group hotkey | 15 | |
| Basic commands | 240 | |
| Build / train | 111 | |
| ESC pressed | 32 | |
| Enter build submenu | 55 | |
| Enter hero's abilities submenu | 6 | |
| Right click | 2629 | |
| Select / deselect | 1278 | |
| Select group hotkey | 153 | |
| Use ability | 309 | |
4830 total
» units
| Peasant | 17 | |
| Mortar Team | 11 | |
| Sorceress | 1 | |
29 total
» upgrades
| Masonry | 3 | |
| Lumber Harvesting | 2 | |
| Magic Sentry | 1 | |
| Flare | 1 | |
| Sorceress Training | 2 | |
| Gunpowder | 3 | |
| Fragmentation Shards | 1 | |
| Armor | 3 | |
16 total
» buildings
| Altar of Kings | 2 | |
| Farm | 7 | |
| Lumber Mill | 1 | |
| Scout Tower | 81 | |
| Guard Tower | 48 | |
| Keep | 1 | |
| Blacksmith | 1 | |
| Workshop | 2 | |
| Arcane Sanctum | 1 | |
| Castle | 1 | |
| Arcane Tower | 2 | |
| Arcane Vault | 2 | |
149 total
» build order
00:27 Altar of Kings
00:30 Farm
00:34 Lumber Mill
00:38 Scout Tower
01:04 Scout Tower
01:18 Scout Tower
01:36 Scout Tower
01:42 Scout Tower
01:48 Guard Tower
01:50 Guard Tower
02:00 Farm
02:07 Scout Tower
02:10 Guard Tower
02:13 Scout Tower
02:22 Guard Tower
02:33 Scout Tower
02:35 Guard Tower
02:44 Guard Tower
02:47 Scout Tower
02:49 Scout Tower
02:53 Scout Tower
03:08 Scout Tower
03:13 Guard Tower
03:28 Scout Tower
03:29 Guard Tower
03:32 Guard Tower
04:04 Scout Tower
04:07 Keep
04:08 Guard Tower
04:15 Guard Tower
04:16 Scout Tower
04:24 Blacksmith
04:34 Guard Tower
04:36 Scout Tower
04:38 Scout Tower
04:48 Scout Tower
04:50 Guard Tower
04:55 Farm
05:07 Guard Tower
05:09 Scout Tower
05:09 Scout Tower
05:11 Scout Tower
05:11 Scout Tower
05:13 Scout Tower
05:13 Scout Tower
05:14 Scout Tower
05:15 Scout Tower
05:16 Scout Tower
05:17 Scout Tower
05:17 Scout Tower
05:18 Scout Tower
05:25 Scout Tower
05:32 Guard Tower
05:34 Guard Tower
05:52 Scout Tower
05:53 Scout Tower
05:54 Scout Tower
05:55 Scout Tower
05:56 Scout Tower
05:59 Scout Tower
06:01 Guard Tower
06:29 Guard Tower
06:32 Scout Tower
06:34 Guard Tower
06:41 Workshop
06:45 Workshop
06:57 Arcane Sanctum
07:02 Scout Tower
07:24 Guard Tower
07:30 Guard Tower
07:44 Guard Tower
08:03 Guard Tower
08:07 Guard Tower
08:12 Guard Tower
08:12 Guard Tower
08:44 Farm
08:57 Guard Tower
09:04 Scout Tower
09:09 Scout Tower
09:10 Scout Tower
09:27 Farm
10:40 Farm
10:41 Castle
10:48 Arcane Tower
11:06 Guard Tower
11:13 Scout Tower
11:14 Scout Tower
11:15 Scout Tower
11:15 Scout Tower
11:55 Guard Tower
12:31 Guard Tower
12:49 Guard Tower
12:55 Scout Tower
12:55 Scout Tower
12:56 Scout Tower
12:57 Scout Tower
12:58 Scout Tower
13:15 Guard Tower
13:17 Scout Tower
13:20 Scout Tower
13:35 Scout Tower
13:37 Guard Tower
13:41 Scout Tower
13:47 Scout Tower
13:48 Scout Tower
13:48 Scout Tower
13:49 Scout Tower
13:49 Scout Tower
13:51 Guard Tower
13:55 Guard Tower
14:00 Scout Tower
14:03 Scout Tower
14:18 Guard Tower
14:20 Scout Tower
14:21 Scout Tower
14:21 Scout Tower
14:34 Scout Tower
14:35 Guard Tower
14:39 Guard Tower
14:49 Guard Tower
15:34 Scout Tower
15:35 Scout Tower
15:35 Scout Tower
15:36 Scout Tower
15:37 Scout Tower
15:38 Scout Tower
15:39 Scout Tower
15:40 Scout Tower
15:41 Scout Tower
15:42 Scout Tower
15:43 Scout Tower
15:44 Scout Tower
15:45 Scout Tower
15:46 Scout Tower
15:46 Scout Tower
16:01 Guard Tower
16:03 Arcane Vault
16:51 Guard Tower
16:53 Guard Tower
17:13 Farm
17:30 Guard Tower
17:32 Guard Tower
18:27 Arcane Tower
18:32 Guard Tower
21:49 Arcane Vault
22:54 Guard Tower
59:10 Altar of Kings
» items
| Scroll of Town Portal | 2 | |
| Potion of Healing | 2 | |
| Scroll of Regeneration | 1 | |
| Staff of Sanctuary | 1 | |
| Mechanical Critter | 2 | |
8 total
GOKUMAN69 (
purple | 34 APM | 5747 actions | 168:41)
10 Blademaster
3 Wind Walk
3 Critical Strike
1 Bladestorm
3 Mirror Image
1 Archmage
1 Brilliance Aura
» actions
| Assign group hotkey | 1 | |
| Basic commands | 18 | |
| Build / train | 81 | |
| Enter build submenu | 34 | |
| Enter hero's abilities submenu | 11 | |
| Give item / drop item | 4 | |
| Remove unit from queue | 5 | |
| Right click | 3869 | |
| Select / deselect | 1200 | |
| Use ability | 520 | |
5747 total
» units
» upgrades
| Liquid Fire | 1 | |
| Reinforced Defenses | 1 | |
| Ranged Weapons | 3 | |
| Ensnare | 0 | |
| Envenomed Spears | 0 | |
5 total
» buildings
| Altar of Storms | 2 | |
| War Mill | 1 | |
| Orc Burrow | 4 | |
| Watch Tower | 23 | |
| Stronghold | 1 | |
| Voodoo Lounge | 1 | |
| Fortress | 1 | |
| Beastiary | 2 | |
35 total
» build order
00:07 Altar of Storms
00:24 War Mill
00:33 Orc Burrow
01:55 Watch Tower
02:07 Watch Tower
02:18 Watch Tower
03:05 Watch Tower
03:10 Stronghold
03:36 Watch Tower
03:37 Watch Tower
03:49 Voodoo Lounge
04:16 Watch Tower
04:18 Watch Tower
04:21 Watch Tower
05:03 Watch Tower
05:08 Watch Tower
05:47 Fortress
06:34 Watch Tower
06:36 Watch Tower
07:06 Beastiary
07:08 Beastiary
07:11 Orc Burrow
07:15 Orc Burrow
08:33 Watch Tower
08:56 Orc Burrow
10:03 Watch Tower
12:04 Watch Tower
12:07 Watch Tower
12:36 Watch Tower
12:48 Watch Tower
13:53 Watch Tower
13:56 Watch Tower
15:54 Watch Tower
15:56 Watch Tower
80:29 Altar of Storms
» items
| Staff of Teleportation | 1 | |
| Boots of Speed | 2 | |
| Healing Salve | 2 | |
| Lesser Clarity Potion | 2 | |
| Orb of Lightning | 1 | |
| Scroll of Town Portal | 1 | |
| Potion of Lesser Invulnerability | 6 | |
15 total
Mr.Wookums (
orange | 31 APM | 5263 actions | 168:41)
10 Warden
3 Shadow Strike
3 Blink
1 Spirit of Vengeance
3 Fan of Knives
» actions
| Assign group hotkey | 18 | |
| Basic commands | 9 | |
| Build / train | 50 | |
| Enter build submenu | 26 | |
| Enter hero's abilities submenu | 11 | |
| Give item / drop item | 1 | |
| Right click | 3742 | |
| Select / deselect | 682 | |
| Select group hotkey | 140 | |
| Use ability | 584 | |
5263 total
» units
» upgrades
| Well Spring | 1 | |
| Strength of the Wild | 3 | |
| Corrosive Breath | 1 | |
5 total
» buildings
| Altar of Elders | 1 | |
| Moon Well | 22 | |
| Tree of Ages | 1 | |
| Hunter's Hall | 1 | |
| Ancient of Wind | 1 | |
| Ancient of Wonders | 1 | |
| Tree of Eternity | 1 | |
| Tree of Life | 1 | |
| Chimaera Roost | 2 | |
31 total
» build order
00:07 Altar of Elders
00:13 Moon Well
02:30 Moon Well
05:18 Tree of Ages
06:09 Moon Well
07:52 Moon Well
08:59 Moon Well
09:03 Moon Well
09:22 Hunter's Hall
09:28 Ancient of Wind
10:04 Ancient of Wonders
10:42 Moon Well
10:49 Moon Well
10:50 Moon Well
10:51 Moon Well
12:00 Tree of Eternity
12:10 Tree of Life
15:58 Chimaera Roost
15:59 Chimaera Roost
17:05 Moon Well
17:06 Moon Well
17:08 Moon Well
17:35 Moon Well
19:06 Moon Well
19:21 Moon Well
21:33 Moon Well
21:34 Moon Well
21:35 Moon Well
25:45 Moon Well
25:46 Moon Well
25:48 Moon Well
» items
| Boots of Speed | 1 | |
| Staff of Teleportation | 1 | |
| Orb of Lightning | 1 | |
| Scroll of Town Portal | 1 | |
| Potion of Lesser Invulnerability | 2 | |
6 total
Chat log
(00:05 / All) BoiNK.eDYouRMoM: gl hf
(00:13 / All) Lucky.eD: dd
(00:16 / All) GOKUMAN69: Nigger body
(01:21 / Allies) GapInTheTooth: feed
(02:43 / All) BoiNK.eDYouRMoM: ..
(02:50 / All) Mr.Wookums: do you like anime
(03:16 / All) Mr.Wookums: i watch naruto
(03:22 / All) Mr.Wookums: that's why I play like a ninja
(03:57 / All) GapInTheTooth: ty for free xp
(04:04 / All) BoiNK.eDYouRMoM: ty for the free win
(04:12 / All) GapInTheTooth: tp a level 1 hero more
(06:05 / Allies) GapInTheTooth: spare gold?
(07:27 / Allies) GapInTheTooth: feed
(07:39 / Allies) GapInTheTooth: ells
(07:41 / Allies) GapInTheTooth: wells
(08:15 / Allies) Mr.Wookums: so far wood hasn't been a problem
(12:13 / All) BoiNK.eDYouRMoM: rofl u guys like cubing huh
(12:17 / Allies) Mr.Wookums: tower me
(13:18 / Allies) Mr.Wookums: wtf archers
(19:30 / All) BoiNK.eDYouRMoM: U guys blow
(21:54 / All) BoiNK.eDYouRMoM: So u guys like taking 3 hours to win games?
(22:02 / All) Mr.Wookums: i got 5 hours till class
(22:09 / All) Mr.Wookums: we'll be watching naruto
(22:13 / All) BoiNK.eDYouRMoM: rofl gratz nerd
(24:25 / All) Mr.Wookums: you guys enjoy losing to towers?
(24:31 / All) BoiNK.eDYouRMoM: ROFL
(24:33 / All) BoiNK.eDYouRMoM: U GUYS BLOW
(25:31 / All) BoiNK.eDYouRMoM: god u guys must like cubing in roc
(25:36 / All) BoiNK.eDYouRMoM: why dont u go play there
(25:43 / All) BoiNK.eDYouRMoM: cant find games must be it
(30:28 / All) BoiNK.eDYouRMoM: u guys blow
(31:12 / All) BoiNK.eDYouRMoM: ROFL plz do that all game
(32:47 / Allies) Mr.Wookums: do they have fiends top still?
(32:54 / Allies) GOKUMAN69: yeah
(32:58 / Allies) Mr.Wookums: kk, gonna kill those
(33:06 / Allies) GapInTheTooth: bats
(33:20 / Allies) Mr.Wookums: k
(34:21 / All) Mr.Wookums: guys do you like dota
(34:27 / All) BoiNK.eDYouRMoM: Stfu and play
(34:40 / All) GOKUMAN69: tp
(38:05 / Allies) Mr.Wookums: lich will be easy to fall
(45:13 / Allies) Mr.Wookums: k
(45:41 / Allies) Mr.Wookums: woah
(46:07 / Allies) Mr.Wookums: no clue, droped half in < a secend
(46:36 / Allies) Mr.Wookums: hipos
(46:45 / All) BoiNK.eDYouRMoM: yay for stalemate
(48:16 / Allies) Mr.Wookums: hexed
(51:19 / All) BoiNK.eDYouRMoM: Get raped
(53:03 / Allies) Mr.Wookums: where the hell is their army
(53:38 / Allies) GapInTheTooth: 1895/2000
(55:21 / Allies) Mr.Wookums: no bats
(55:27 / Allies) GapInTheTooth: bats are expensive
(60:09 / All) BoiNK.eDYouRMoM: i hope u guys like waiting 10 hours for 1 game that ur not even gonna win
(60:21 / All) GOKUMAN69: you guys have more towers then us
(60:29 / All) GOKUMAN69: also you lost
(60:37 / All) BoiNK.eDYouRMoM: rofl i love to see how we lost
(60:42 / All) BoiNK.eDYouRMoM: when u guys r all out of gold
(60:44 / All) Lucky.eD: no exp
(60:47 / All) Lucky.eD: killed the peons
(60:52 / All) GapInTheTooth: hahah noob
(60:52 / All) Lucky.eD: dont need the base
(60:55 / All) Lucky.eD: take it
(61:01 / All) Mr.Wookums: buildings are exp
(61:14 / All) BoiNK.eDYouRMoM: L2 play legit instead of wasting ppls time
(61:22 / All) GOKUMAN69: no
(61:24 / All) BoiNK.eDYouRMoM: u guys are probly good straight up arnt u?
(61:26 / All) Mr.Wookums: i'm watching naruto, so it's not wasting time
(61:35 / All) BoiNK.eDYouRMoM: wow wat a loser
(61:40 / All) NeWB.eD: Anime fag.. i bet you get made fun of at school
(61:47 / All) BoiNK.eDYouRMoM: ROFL
(61:52 / All) Mr.Wookums: they don't understand me
(61:52 / All) NeWB.eD: We should give you the win for having such low self esteem..
(61:55 / All) Mr.Wookums: wc3 does
(61:57 / All) BoiNK.eDYouRMoM: we party we are in college
(62:01 / All) BoiNK.eDYouRMoM: ur losers still in hs
(62:06 / All) Mr.Wookums: i go to anime sharing parties!!!
(62:07 / All) GapInTheTooth: lol some party you're having right now
(62:20 / All) BoiNK.eDYouRMoM: its a wed night jackass
(62:22 / All) BoiNK.eDYouRMoM: not weekend
(62:30 / All) GapInTheTooth: oh you guys are goodie two shoes
(62:35 / All) GapInTheTooth: party only on weekends
(62:38 / All) Mr.Wookums: in 2 hours it's 4:20, what'll you do then
(62:44 / All) GapInTheTooth: go to some sweet keggers man!
(62:49 / All) Lucky.eD: you think thats good, i dont party ;)
(62:52 / All) BoiNK.eDYouRMoM: im not letting a bunch of fags win a game
(63:06 / All) Mr.Wookums: 420, 420, 420 smoke weed every day
(63:09 / All) Mr.Wookums: and watch naruto
(63:22 / All) GOKUMAN69: no man life is all about GOKU
(63:26 / All) GOKUMAN69: AND DBZ
(63:31 / All) BoiNK.eDYouRMoM: Wow
(63:32 / All) NeWB.eD: and 69
(63:38 / All) GOKUMAN69: fuck dat ninjain shit
(63:39 / All) Lucky.eD: DBZ is the shit
(63:42 / All) Lucky.eD: fuck yeah
(64:21 / All) Mr.Wookums: owned?
(65:23 / Allies) Mr.Wookums: get the grunt exp?
(67:46 / Allies) Mr.Wookums: no res
(68:43 / Allies) Mr.Wookums: nvm
(68:44 / Allies) Mr.Wookums: b
(69:04 / All) Mr.Wookums: guys, i have 27k wood... you should just leave
(69:15 / All) BoiNK.eDYouRMoM: :P
(69:17 / All) NeWB.eD: sry
(69:21 / All) NeWB.eD: wood wins..
(70:04 / All) BoiNK.eDYouRMoM: 1 hero and mass towers
(70:12 / All) BoiNK.eDYouRMoM: wow we should learn to be fags too
(70:23 / All) Mr.Wookums: l2 math
(70:33 / All) BoiNK.eDYouRMoM: u guys went 1 hero each
(70:51 / All) Mr.Wookums: you should really stop hiding behind towers
(70:56 / All) NeWB.eD: /agree
(71:19 / All) Lucky.eD: k lets meet
(71:23 / All) Lucky.eD: see who wins
(71:25 / All) Mr.Wookums: k, our base
(71:27 / All) GOKUMAN69: no
(72:42 / All) Mr.Wookums: guys, you should quit and see who's winning
(72:58 / All) Lucky.eD: I wouldnt watch this replay on full speed
(73:04 / All) Lucky.eD: ever
(73:05 / All) Lucky.eD: fuck
(73:08 / All) Mr.Wookums: i've watched a 25 hour replay
(73:21 / All) NeWB.eD: case and point your no life..
(73:26 / All) Mr.Wookums: lets have this be the battle of who's internet is better
(73:42 / All) Lucky.eD: collage internet
(73:48 / All) Mr.Wookums: omg no way
(74:04 / All) Lucky.eD: college?
(74:06 / All) Lucky.eD: whoops
(74:14 / All) Mr.Wookums: what's college... I'm still in middle school
(74:19 / All) Mr.Wookums: i started an animu club
(76:38 / All) Lucky.eD: weve been stocking gold
(76:52 / All) Mr.Wookums: O RLY
(76:57 / All) GapInTheTooth: MORE LIKE UNSUMMONING AMIRITE
(77:08 / All) Mr.Wookums: gotta get a few mor chims
(77:10 / All) Lucky.eD: sigh
(77:13 / All) NeWB.eD: amarite = a rock?
(77:26 / All) Mr.Wookums: i've been stockpiling wood
(78:44 / All) BoiNK.eDYouRMoM: GG
(78:44 / All) BoiNK.eDYouRMoM: GG
(78:45 / All) BoiNK.eDYouRMoM: |GG
(78:48 / All) Mr.Wookums: we can't res
(78:49 / All) Mr.Wookums: oh noes
(78:51 / All) Mr.Wookums: we won't leave though
(78:55 / All) GOKUMAN69: I got no gold
(78:56 / Allies) GOKUMAN69: quiting
(78:58 / All) Lucky.eD: chims
(78:59 / All) Lucky.eD: lawl
(79:02 / All) GOKUMAN69: quiting
(79:05 / All) GOKUMAN69: Gg
(79:06 / All) GOKUMAN69: WP
(79:14 / All) Mr.Wookums: no stay
(79:17 / All) BoiNK.eDYouRMoM: lol
(79:18 / All) Mr.Wookums: we gotta see this out to the end
(79:23 / All) GOKUMAN69: why I got no gold or hero
(79:24 / All) BoiNK.eDYouRMoM: u guys have best cube defense
(79:27 / All) Mr.Wookums: if there's one thing I learned from anime
(79:30 / All) BoiNK.eDYouRMoM: im shocked how much u owned
(79:31 / All) Mr.Wookums: is that you must never give up
(79:44 / All) NeWB.eD: fuck now
(80:13 / Allies) Mr.Wookums: do you have a peon?
(80:26 / All) BoiNK.eDYouRMoM: time for warden to die
(80:31 / Allies) Mr.Wookums: did you get the cancel off?
(80:44 / All) Mr.Wookums: but your bat is the one who died
(80:57 / All) Mr.Wookums: really you guys should be attacking our shops
(81:03 / All) Mr.Wookums: if we can't buy healing salves we can't heal
(81:57 / All) GOKUMAN69: can you guys feed me?
(82:03 / All) GOKUMAN69: leik 50 gold PLZ
(82:12 / All) Lucky.eD: no can do
(82:13 / All) GOKUMAN69: geiv me an item
(82:16 / All) Mr.Wookums: i only have 25 %________%
(82:17 / All) Lucky.eD: 0-0-24
(82:17 / All) BoiNK.eDYouRMoM: ill give u guys respect the way u guys played but i still dont like how much it owned lol
(82:26 / All) BoiNK.eDYouRMoM: its amazing
(83:20 / Allies) Mr.Wookums: gonna try to bait them
(83:23 / Allies) Mr.Wookums: with the vengence
(84:11 / Allies) Mr.Wookums: dow
(84:20 / Allies) Mr.Wookums: sc a few years back, then wc2 when iw as really young
(84:27 / All) BoiNK.eDYouRMoM: guys honestly come on
(84:29 / Allies) Mr.Wookums: i played dota 2 years ago
(85:15 / All) Mr.Wookums: that was our item gold T_T
(85:24 / All) GOKUMAN69: T_T
(85:27 / All) Mr.Wookums: i wish i was intoxicated because i'm getting depressed
(85:29 / Allies) GOKUMAN69: *.*
(85:32 / All) Mr.Wookums: sakura just got stabbed too... bad day
(85:33 / All) BoiNK.eDYouRMoM: Lol
(85:38 / All) BoiNK.eDYouRMoM: ur strat is so dman good
(85:41 / All) BoiNK.eDYouRMoM: Ill give u that
(85:45 / All) GOKUMAN69: quir
(85:50 / All) GOKUMAN69: quit
(85:53 / All) GOKUMAN69: noobies
(85:54 / All) BoiNK.eDYouRMoM: if u wernt playing us this game be over already ha :P
(86:12 / All) Mr.Wookums: 47k gold
(86:16 / All) Mr.Wookums: pwned
(86:19 / All) BoiNK.eDYouRMoM: more like wood
(86:27 / All) NeWB.eD: 50k wood. repowned
(86:41 / Allies) Mr.Wookums: trying to convince them that we have none
(87:06 / Allies) Mr.Wookums: b
(88:07 / All) BoiNK.eDYouRMoM: u guys must of worked ur ass off for some extra gold for that bm
(88:16 / All) BoiNK.eDYouRMoM: sell all items huh
(88:17 / All) GOKUMAN69: YEAH
(88:22 / All) BoiNK.eDYouRMoM: :)
(88:23 / All) Mr.Wookums: he's level 9 though
(88:26 / All) Mr.Wookums: basically the GG button
(88:30 / All) NeWB.eD: did you whore off the warden?
(88:43 / All) BoiNK.eDYouRMoM: we have huge groups of units with tons of heros so gg
(88:45 / All) NeWB.eD: I'd pay 20k wood for her..
(88:46 / All) Mr.Wookums: the warden is a person with so much self respect
(88:53 / All) Mr.Wookums: that she would never engage in that
(88:56 / All) Lucky.eD: fuck this im getting a maphack
(89:01 / All) BoiNK.eDYouRMoM: ROFL
(89:41 / Allies) Mr.Wookums: they havn't seen her
(90:34 / All) Mr.Wookums: guys, i have class in 4 hours
(90:38 / All) Mr.Wookums: can you leave so I can study
(90:42 / All) BoiNK.eDYouRMoM: no
(90:50 / All) BoiNK.eDYouRMoM: u can leave if its just a game to you
(90:50 / All) NeWB.eD: ha, mine's in 5 and i'm already studying.
(90:56 / All) BoiNK.eDYouRMoM: If i lose this ill lose all self respect
(91:03 / All) NeWB.eD: It's true..
(91:07 / All) Mr.Wookums: if you multitask then you'll not be able to play wc3 well
(91:10 / All) Mr.Wookums: i suggest not doing so
(91:28 / All) Mr.Wookums: one time I tried to study while driving
(91:37 / All) Mr.Wookums: then i started thinking about anime
(91:39 / All) Mr.Wookums: and i crashed
(91:43 / All) BoiNK.eDYouRMoM: that sucks
(91:45 / All) BoiNK.eDYouRMoM: if ur telling truth
(92:11 / Allies) Mr.Wookums: get over here, going to try and bait
(93:48 / All) Mr.Wookums: that aco was loyal, why did you kill him
(94:00 / All) Lucky.eD: he attacked my alter
(94:02 / All) NeWB.eD: He slept with warden and gave her gold..
(94:02 / All) Lucky.eD: so i hit him
(94:10 / All) Lucky.eD: then he was using yellows well
(94:14 / All) Lucky.eD: yellow said to stop
(94:16 / All) Lucky.eD: but wouldnt
(94:21 / All) Lucky.eD: so yello wtf pwnt him
(95:23 / All) Mr.Wookums: oh noes
(95:30 / Allies) Mr.Wookums: 300 gold
(95:47 / Allies) Mr.Wookums: kk, i'm actually going to study
(96:13 / All) BoiNK.eDYouRMoM: ROFL
(97:16 / Allies) Mr.Wookums: gotta take out the wells first
(97:56 / Allies) Mr.Wookums: hiding warden
(98:02 / All) BoiNK.eDYouRMoM: LOL
(98:18 / Allies) Mr.Wookums: and how are the immages killing?
(98:32 / Allies) Mr.Wookums: what was that?
(98:44 / Allies) Mr.Wookums: they're looking for the warden
(99:08 / Allies) Mr.Wookums: moonwells
(99:16 / Allies) Mr.Wookums: lol
(99:22 / Allies) Mr.Wookums: raiders are dieing
(100:00 / All) BoiNK.eDYouRMoM: how much gold do u guys honestly have lmao
(100:06 / All) GOKUMAN69: none
(100:14 / All) GOKUMAN69: I raped a man for that pot
(100:26 / All) Mr.Wookums: i wish i could eat trees for gold
(100:30 / All) BoiNK.eDYouRMoM: hope u raped lucky
(100:34 / All) NeWB.eD: me too
(100:37 / All) BoiNK.eDYouRMoM: his ass is not tight
(100:52 / Allies) Mr.Wookums: we found us a strat
(100:59 / Allies) Mr.Wookums: we can take out all their buildings doing that
(101:24 / Allies) Mr.Wookums: 150 gold for three towers?
(101:30 / Allies) Mr.Wookums: and it looks like the raiders
(101:48 / All) Mr.Wookums: so did that break your guy's moral?
(101:56 / Allies) GapInTheTooth: jesus
(101:57 / All) Lucky.eD: has been defeated.
(102:00 / Allies) GapInTheTooth: you're a college student
(102:04 / All) Lucky.eD: has left the game.
(102:13 / Allies) GapInTheTooth: has that broken your morale?
(102:13 / Allies) Mr.Wookums: i know i am?
(102:21 / Allies) Mr.Wookums: all chat man
(102:46 / All) GOKUMAN69: Map Hack Press ALT QQ to report!
(102:50 / All) BoiNK.eDYouRMoM: did u guys practice to get good at this
(103:14 / All) Mr.Wookums: we're level one arn't we?
(104:49 / Allies) Mr.Wookums: fuck
(104:52 / Allies) Mr.Wookums: they might see my warden
(105:34 / All) BoiNK.eDYouRMoM: ROFL
(105:50 / Allies) Mr.Wookums: yeah, it started attacking
(110:46 / All) Mr.Wookums: level 99999999
(110:54 / All) Mr.Wookums: in jRPG terms you're fucked
(111:36 / All) GOKUMAN69: n0ice raider
(111:48 / All) BoiNK.eDYouRMoM: blue isnt fucking trying its annoying
(112:20 / All) NeWB.eD: OWL ATTACK
(113:30 / Allies) Mr.Wookums: mot thier base
(113:34 / Allies) Mr.Wookums: and use immages to scout it?
(114:21 / Allies) Mr.Wookums: if they stay defensive, we won't be able to kill them
(114:33 / Allies) Mr.Wookums: kk
(114:34 / All) BoiNK.eDYouRMoM: can u guys have a heart and just end this stalemate honestly its a stalemate ....
(114:49 / All) Mr.Wookums: you stole our strat, w hy would we give up to you
(115:04 / All) GOKUMAN69: you need it
(115:06 / All) BoiNK.eDYouRMoM: how did we steal ur strat we had to get towers to defend ourself
(115:08 / All) GOKUMAN69: quit
(115:09 / All) BoiNK.eDYouRMoM: ya for icon
(115:14 / All) BoiNK.eDYouRMoM: im not leaving
(115:20 / All) Mr.Wookums: i need 2 wins for an icon!
(115:27 / All) GOKUMAN69: me too
(115:28 / All) BoiNK.eDYouRMoM: i got my 150 icon with this game
(115:31 / All) GOKUMAN69: but 3
(115:49 / All) GOKUMAN69: welp
(115:51 / All) Mr.Wookums: i'm afraid you could have gotten your icon thrice over
(115:55 / All) Mr.Wookums: if you didn't stay in this game
(116:01 / All) NeWB.eD: back at ya :)
(116:08 / All) Mr.Wookums: this is my last game of hte night
(116:10 / All) BoiNK.eDYouRMoM: u could of played 5games and got ur icons too if u didnt mass towers
(116:11 / All) BoiNK.eDYouRMoM: and cube
(116:13 / All) Mr.Wookums: so it's all good
(116:19 / All) Mr.Wookums: wtf is cubing? companion cube
(116:20 / All) Mr.Wookums: i love portal
(116:21 / All) BoiNK.eDYouRMoM: learn to play legit so the games last 5 mins
(116:38 / All) GOKUMAN69: I like towers
(116:54 / All) BoiNK.eDYouRMoM: cubing is mass towers
(117:02 / All) Mr.Wookums: we gridded ours though
(117:04 / All) Mr.Wookums: l2 see
(117:05 / Allies) GapInTheTooth: mass towers is mass towers fag
(117:11 / All) BoiNK.eDYouRMoM: lol
(117:19 / All) GOKUMAN69: I call it towa or owning noobs
(117:34 / All) NeWB.eD: wasting mass quantities of time = owning newbs?
(117:41 / All) NeWB.eD: guess you got us..
(117:45 / All) Mr.Wookums: a win is a win
(117:55 / All) Mr.Wookums: that's something I learned from bible black
(118:05 / All) BoiNK.eDYouRMoM: u guys wanna start a petition to blizz and ask for a tie?
(118:21 / All) Mr.Wookums: we don't tie, we win or die
(118:28 / All) BoiNK.eDYouRMoM: then fucking die! :P
(118:32 / All) NeWB.eD: then meet our army :)
(118:34 / All) Mr.Wookums: hard when you arn't killing us
(118:37 / All) Lucky.eD: yeah, i vote die
(118:43 / All) BoiNK.eDYouRMoM: u have 1000000 towers
(118:47 / All) BoiNK.eDYouRMoM: kinda hard to attck
(119:54 / All) NeWB.eD: pink go to bed?
(119:55 / All) BoiNK.eDYouRMoM: is the human guy sleeping
(120:06 / All) Mr.Wookums: we work in shifts
(120:08 / All) Mr.Wookums: so yeah
(120:12 / All) BoiNK.eDYouRMoM: LMAO
(120:34 / All) BoiNK.eDYouRMoM: its pretty simple for u guys all u got is heros
(122:30 / All) Mr.Wookums: ha it really wasn't the hero
(122:35 / All) Mr.Wookums: you should have seen the look on the DK's face
(122:41 / All) BoiNK.eDYouRMoM: we know our orc player is nub :P
(122:45 / All) BoiNK.eDYouRMoM: PFF
(122:52 / Allies) Mr.Wookums: nothing
(122:57 / Allies) Mr.Wookums: they attacked my whisps once
(122:59 / Allies) Mr.Wookums: and that's it
(124:11 / Allies) Mr.Wookums: towers at my odl base
(124:43 / All) NeWB.eD: my owl > you
(125:25 / All) BoiNK.eDYouRMoM: mirror image should give xp
(125:45 / All) NeWB.eD: how much wood you guys have?
(125:53 / All) Mr.Wookums: i'm pretty hard right now
(125:54 / All) Mr.Wookums: quite a bit
(127:12 / Allies) Mr.Wookums: they have one detector guy
(127:38 / All) BoiNK.eDYouRMoM: u really dont wanna give us xp huh
(127:47 / Allies) Mr.Wookums: you could make some bats
(127:51 / Allies) Mr.Wookums: then when we lure the air away
(127:52 / Allies) Mr.Wookums: hit em
(128:04 / Allies) Mr.Wookums: kk
(128:45 / Allies) Mr.Wookums: they have 400 total well thingies
(128:57 / All) NeWB.eD: the sorcs rack is pointy..
(128:58 / All) GOKUMAN69: \
(129:18 / All) BoiNK.eDYouRMoM: they r big
(130:04 / Allies) Mr.Wookums: i'm gonna go out and have a cig
(130:14 / Allies) Mr.Wookums: that's right
(130:23 / All) GOKUMAN69: "Take from your eneime everthing and give them nothing" - 300
(130:26 / All) NeWB.eD: this is so not worth it..
(130:37 / All) NeWB.eD: eneime = enemy?
(130:43 / All) GapInTheTooth: anime
(130:45 / All) Mr.Wookums: you'll have a story to tell drunk chicks at a COLLEGE party now
(130:47 / All) BoiNK.eDYouRMoM: u guys in hs?
(130:51 / All) GOKUMAN69: anime
(132:34 / Allies) Mr.Wookums: it's bait
(133:00 / Allies) Mr.Wookums: perma disable
(133:01 / All) BoiNK.eDYouRMoM: good trade to me
(133:09 / Allies) Mr.Wookums: cig while it's reviving
(133:11 / Allies) Mr.Wookums: yeah, it's dead
(133:17 / All) GOKUMAN69: it's gone for good
(133:19 / All) GOKUMAN69: FUCK
(133:25 / All) BoiNK.eDYouRMoM: U HAVE TO BE KIDDING ME
(133:26 / All) Mr.Wookums: ruh roh, we had more gold
(133:37 / All) BoiNK.eDYouRMoM: GET A FUCKING LIFE
(133:40 / All) BoiNK.eDYouRMoM: HONEST TO GOD
(133:58 / All) BoiNK.eDYouRMoM: learn to fucking get a legit strat and stop wasting everyones time
(134:04 / All) GOKUMAN69: one down 5 to go
(134:05 / All) BoiNK.eDYouRMoM: u fucking blow thats why u mass towers
(134:07 / All) Mr.Wookums: you praised us earlier
(134:13 / All) BoiNK.eDYouRMoM: stfu
(134:16 / All) BoiNK.eDYouRMoM: kill urself
(134:22 / All) BoiNK.eDYouRMoM: END YOUR LIFE
(134:22 / All) Mr.Wookums: i heard it, and i was honored
(134:26 / All) GOKUMAN69: your
(136:24 / Allies) Mr.Wookums: cig
(136:27 / Allies) Mr.Wookums: taunt them so they won't attack
(136:44 / All) GapInTheTooth: yo you suck dick
(136:50 / All) GapInTheTooth: while i pack a gold clip
(137:01 / All) GapInTheTooth: i broke my money maker
(137:04 / All) BoiNK.eDYouRMoM: how is that funny?
(137:05 / All) GapInTheTooth: she ain't got paper
(137:09 / All) GapInTheTooth: i'm about to trip
(137:13 / All) GapInTheTooth: how can i g guilty?
(137:22 / All) GapInTheTooth: coming home the sheets they be filthy
(137:27 / All) GapInTheTooth: yeah
(137:35 / All) GapInTheTooth: thats how real gs do it in the hood
(137:45 / All) GapInTheTooth: i'm reping 2-1-3 while i play warcraft with my gs
(138:01 / All) GapInTheTooth: owning y'all niggaz with my heroes of 3
(138:10 / All) GapInTheTooth: bm warden and am for me
(138:19 / All) GapInTheTooth: rocking end-less-ly
(138:21 / All) NeWB.eD: your white..
(138:27 / All) GapInTheTooth: owning pub-lic-ly
(138:35 / All) GapInTheTooth: on the internet you don't know who's a he
(138:38 / All) GapInTheTooth: or a she
(138:41 / All) GapInTheTooth: maybe
(138:46 / All) BoiNK.eDYouRMoM: i know why ur doing this
(138:48 / All) GapInTheTooth: i'll rape your mother while i pee
(138:50 / All) BoiNK.eDYouRMoM: and rapping
(138:54 / All) GapInTheTooth: doing life for robbery
(138:55 / All) BoiNK.eDYouRMoM: ur literly fucking insane
(139:01 / All) GapInTheTooth: how long can i amuse thee
(139:04 / All) GapInTheTooth: with my mp3
(139:23 / All) GapInTheTooth: seeing rain fall-ing
(139:30 / All) GapInTheTooth: seeing towas owning
(139:43 / All) GapInTheTooth: pwning nubs for scratch
(139:48 / All) GapInTheTooth: this is how i make my cash
(139:59 / All) GapInTheTooth: taking towers to the grave
(140:03 / All) GapInTheTooth: say bye bye and wave
(140:18 / All) GapInTheTooth: freestylin to the beat of the blademaster defeat
(140:19 / Allies) GapInTheTooth: ta
(140:30 / All) GapInTheTooth: taking scrubs to the cleaners while i smoke up some reefer
(140:53 / All) GapInTheTooth: having orgasms with the spasms from my APM stats
(141:05 / All) GapInTheTooth: opening up with the bm like a twin-barrelled gat
(141:10 / All) NeWB.eD: apm at this point is probably like 1
(141:21 / All) GapInTheTooth: putting away you homies with my lyrical whack
(141:32 / All) BoiNK.eDYouRMoM: congrats on lvl 10
(141:37 / All) GapInTheTooth: say later to the hater who lost all his mack
(141:37 / All) BoiNK.eDYouRMoM: ur a fucking doushe bag
(141:41 / All) BoiNK.eDYouRMoM: thats insane
(141:46 / All) NeWB.eD: you must be crazy or just smokin' crack..
(141:48 / All) BoiNK.eDYouRMoM: dude ur fucking retarded
(141:49 / All) GapInTheTooth: take your hippos and go home you had your chance to roam
(141:59 / All) GapInTheTooth: now you can't pass our towers so we count up the hours
(142:02 / All) BoiNK.eDYouRMoM: KILLL URSELF
(142:21 / All) GapInTheTooth: your irritation is my celebration of our tower deviation
(142:24 / All) Lucky.eD: we have a chim it will.... FUCK YOU AND YOUR TOWERS
(142:40 / All) Lucky.eD: THAT DIDNT RHYME
(142:42 / All) GapInTheTooth: taking you to school cause you're fools who didnt rush, you're too cool
(142:42 / All) Lucky.eD: NOOB
(142:51 / All) GOKUMAN69: try you noobs we gonna play with your boobs
(142:52 / All) GapInTheTooth: instead you sit and waste the best years of your life
(143:10 / All) BoiNK.eDYouRMoM: hypocrit?
(143:11 / All) GapInTheTooth: complain about the strain of your towering plight
(143:20 / All) GapInTheTooth: im chilling at home getting a bj from my wife
(143:35 / All) GapInTheTooth: playing warcraft iii while i get some afternoon delight
(143:58 / All) GapInTheTooth: chims? get real i'll show you the deal
(144:20 / All) BoiNK.eDYouRMoM: DUDE STFU UR THE STUPIDEST FUCKING INSANE PERSON ON EARTH whos friends are only on a video game
(144:22 / All) GapInTheTooth: mass siege my liege before we crush you with ease
(144:23 / All) BoiNK.eDYouRMoM: CONGRATS
(144:25 / All) BoiNK.eDYouRMoM: WERE IN COLLEGE
(144:27 / All) BoiNK.eDYouRMoM: UR NOT
(144:34 / All) BoiNK.eDYouRMoM: UR A FAT ASS WITH GLASSES WITH ZITS
(144:36 / All) GapInTheTooth: my rhymes are so tight you can't control my flow
(144:42 / All) BoiNK.eDYouRMoM: WHO PROBLY NEVR HAD SEX
(144:47 / All) Mr.Wookums: man, thanks for not attacking when i went out for a cig
(144:50 / All) BoiNK.eDYouRMoM: PROBLY CRY UR SELF TO SLEEP ABOUT IT
(144:53 / All) BoiNK.eDYouRMoM: HUH
(145:11 / All) BoiNK.eDYouRMoM: GET A LIFE NUB UNINSTALL THIS GAME PLZ
(145:15 / All) GapInTheTooth: whats that you cry? dont be so shy
(145:22 / All) GapInTheTooth: im waiting here with my towers and i'm ready to die
(145:25 / All) Mr.Wookums: why don't you just get high?
(145:35 / All) GapInTheTooth: ill sacrifice my l6 AM for a hippo or two
(145:44 / All) GapInTheTooth: before my warden and my BM homies come out to murder you
(145:59 / All) GapInTheTooth: then they'll pour a 40 at the fountain for my fallen hero
(146:08 / All) GapInTheTooth: and i'll finish you off with the imba of slow
(146:19 / All) GapInTheTooth: from my 1 sorc chillin hella tight with the rack
(146:26 / All) Mr.Wookums: did you guys ever notice that sorcereces have pointy tits
(146:28 / All) GapInTheTooth: all y'all are jealous cause baby got back!
(146:30 / All) BoiNK.eDYouRMoM: if i stats u and u have like 30% im gonna wonder why u didnt just quit since ur rec is so shiity
(146:42 / All) GapInTheTooth: its not about rec its how you play the game
(146:49 / All) BoiNK.eDYouRMoM: THEN UR A NERD
(146:52 / All) GapInTheTooth: life is a journey not a destination, learn things this way
(146:54 / All) BoiNK.eDYouRMoM: WITH NO LIFE
(147:01 / All) GapInTheTooth: dont leave it to us to tell you how to live
(147:02 / All) BoiNK.eDYouRMoM: learn to go into the real world
(147:09 / All) Lucky.eD: wana know something really funny?
(147:10 / All) GapInTheTooth: but to be quite honest your micro is shit
(147:25 / All) Lucky.eD: todays my birtday
(147:27 / All) GapInTheTooth: i dont care what you say im freestylin for life
(147:31 / All) BoiNK.eDYouRMoM: ROFL gap ur 45%
(147:34 / All) Lucky.eD: what a shitty birthday huh
(147:34 / All) Mr.Wookums: i'm going to be 15 in 9 days
(147:35 / All) BoiNK.eDYouRMoM: ur awesome
(147:38 / All) BoiNK.eDYouRMoM: can i get an autograph
(147:40 / All) NeWB.eD: lol, happy bday
(147:45 / All) NeWB.eD: already fbooked it
(147:46 / All) BoiNK.eDYouRMoM: ROFL
(147:46 / All) Lucky.eD: ty!
(147:47 / All) BoiNK.eDYouRMoM: ur 165
(147:50 / All) BoiNK.eDYouRMoM: 15
(147:51 / All) GapInTheTooth: another day closer to the grave dont celebrate
(147:52 / All) BoiNK.eDYouRMoM: gratz
(147:56 / All) Mr.Wookums: i'm 14 noob
(147:59 / All) Mr.Wookums: 15 in 9 days
(148:04 / All) Mr.Wookums: l2 math
(148:10 / All) GapInTheTooth: you're spending your life playing to lose, man that's great
(148:12 / All) GOKUMAN69: I'm 12
(148:15 / All) BoiNK.eDYouRMoM: DUDe u seriously need to get a life
(148:19 / All) GapInTheTooth: quitters never win and winners never quit
(148:21 / All) BoiNK.eDYouRMoM: ROFL
(148:26 / All) Mr.Wookums: we all go to the same middle school, except for goku
(148:27 / All) GapInTheTooth: but if you guys don't leave you really are shit
(148:28 / All) BoiNK.eDYouRMoM: we refuse to quit to give u a free win
(148:31 / All) BoiNK.eDYouRMoM: ur a fucking noob
(148:33 / All) Mr.Wookums: he's our honorary anime club member
(148:42 / All) Mr.Wookums: IIRC you said this would be a free wind for you
(148:50 / All) GapInTheTooth: one teammate watches naruto
(148:53 / All) GOKUMAN69: do you guys have vent?
(148:54 / All) GapInTheTooth: another masturbates
(149:00 / All) NeWB.eD: si
(149:02 / All) Lucky.eD: yup on it now
(149:04 / All) GapInTheTooth: meanwhile i'm rhyming and taking your names
(149:12 / All) GapInTheTooth: i could be doing this right now over ventrilo son
(149:17 / All) GOKUMAN69: would you like to join our vent and talk with us about this game?
(149:18 / Allies) Mr.Wookums: gimme 100 gold for a pot of invon
(149:23 / All) Lucky.eD: yeahh fun
(149:23 / All) GapInTheTooth: but i'm sharing with you because i'm just number 1
(149:32 / All) GapInTheTooth: whos got more towers and whos got no units
(149:44 / All) BoiNK.eDYouRMoM: well join ur vent
(149:46 / All) GapInTheTooth: i think you guys have lost so go play as human
(149:55 / All) Mr.Wookums: no, my mother said i can't let strangers on my vent
(149:56 / All) GOKUMAN69: vent24.light-speed.com
(149:59 / All) GapInTheTooth: learn to mass tanks and gyrocopters
(150:00 / All) GOKUMAN69: 5109
(150:02 / All) GOKUMAN69: DOTA
(150:09 / All) GapInTheTooth: before we fuck you with our spamming hoppers
(150:12 / Allies) GOKUMAN69: in caps
(150:18 / All) GapInTheTooth: blink blink blink all day my good friends
(150:22 / All) GOKUMAN69: PW DOTA in CAPS
(150:30 / All) GapInTheTooth: and cause we're moving to vent, this is where my rap ends
(150:31 / All) GOKUMAN69: vent24.light-speed.com
(150:34 / All) GOKUMAN69: 5109
(150:38 / All) Mr.Wookums: i can't talk though, my roomate is sleeping
(150:38 / All) GOKUMAN69: DOTA
(150:50 / All) BoiNK.eDYouRMoM: do the vent info again and dont talk so i can copy :)
(150:56 / All) GOKUMAN69: vent24.light-speed.com
(151:00 / All) GOKUMAN69: 5109
(151:02 / All) GOKUMAN69: DOTA
(151:04 / All) GapInTheTooth: press f12 and scroll up it isnt so hard
(151:05 / Allies) GOKUMAN69: in caps
(151:19 / All) GapInTheTooth: i'll fuck your mother and give her another retard
(151:26 / Allies) Mr.Wookums: dunno, try to make your voices high though
(151:36 / Allies) GapInTheTooth: nah we're cool as we are
(151:42 / All) Lucky.eD: what channel?
(151:43 / Allies) GapInTheTooth: we're not nerds
(151:46 / All) GapInTheTooth: finex's tower town
(151:47 / All) GOKUMAN69: tower town
(151:48 / Allies) Mr.Wookums: kk
(152:06 / All) GapInTheTooth: talk guys
(152:11 / All) NeWB.eD: Can't hear you guys..
(152:11 / All) Lucky.eD: cant
(152:13 / All) Lucky.eD: we got macs
(152:22 / All) Lucky.eD: you set it up with shitty codex
(152:52 / Allies) Mr.Wookums: lol, they admit it....
(153:29 / All) Mr.Wookums: can we tower?
(153:39 / Allies) GapInTheTooth: challenge them to highperch
(153:49 / Allies) Mr.Wookums: hahahah that will be great
(154:27 / All) Mr.Wookums: good game!
(154:31 / All) GOKUMAN69: rage quit
(154:40 / All) Lucky.eD: did he talk to you?
(154:52 / All) Lucky.eD: lol was he pisst?
(154:58 / All) Lucky.eD: may wana get that pw changed
(155:01 / All) Mr.Wookums: he's going to whoop our ass irl
(155:07 / All) Lucky.eD: HAHAHAHAHa
(155:30 / All) GOKUMAN69: one down 2 to go
(155:31 / All) NeWB.eD: fun
(156:00 / All) Mr.Wookums: are you guys from the midwest
(156:05 / All) NeWB.eD: yep
(156:09 / All) Lucky.eD: oklahoma
(156:10 / All) Mr.Wookums: what college
(156:12 / All) NeWB.eD: where you go to collegE?
(156:18 / All) Lucky.eD: OU
(156:23 / All) NeWB.eD: OU
(156:29 / All) Mr.Wookums: oh, far away
(156:38 / Allies) Mr.Wookums: come tak eout yellow's base
(156:41 / All) NeWB.eD: you?
(156:49 / All) Mr.Wookums: I'm in middle school
(157:20 / All) NeWB.eD: but you have a roomate?
(157:25 / All) Mr.Wookums: brother, my abd
(157:42 / Allies) Mr.Wookums: get the bm down here
(158:09 / All) NeWB.eD: RUNNNNNNNNNNNNNNN
(159:31 / All) GapInTheTooth: rape rape rape
(159:33 / All) GapInTheTooth: rape rape rape
(159:38 / All) GapInTheTooth: rape your booooooty
(159:43 / All) GapInTheTooth: rape your boooooooooooooty
(159:46 / All) GapInTheTooth: awwwwwwwwwwwwwwwwwwwwwwwwwwwww
(160:27 / All) Mr.Wookums: gg fellas
(160:30 / All) GOKUMAN69: owned
(161:10 / Allies) Mr.Wookums: gimme another 100
(162:01 / Allies) GapInTheTooth: ktog
(162:04 / Allies) GapInTheTooth: kaytorg
(164:13 / Allies) Mr.Wookums: no more detection
(164:39 / All) Lucky.eD: i r eat creps
(164:49 / All) GapInTheTooth: you suck as well
(164:56 / All) GapInTheTooth: level 3 blademaster vs level 10 bm
(164:59 / All) GapInTheTooth: WHO IS BETTER
(165:05 / All) GapInTheTooth: WHO RUNS TOWER TOWN???
(165:13 / All) Lucky.eD: you do
(165:17 / All) Lucky.eD: :(
(165:19 / All) GapInTheTooth: damn right
(165:22 / All) GapInTheTooth: holla back
(165:28 / All) Lucky.eD: do i get props for still being in the game?
(165:43 / All) Mr.Wookums: no, you're being dificult
(165:45 / All) Lucky.eD: you guys wana give me a birtday present?
(165:54 / All) GapInTheTooth: a load of cum on your face
(166:10 / All) Lucky.eD: ><
(166:32 / All) GapInTheTooth: march of the ancients
(167:03 / All) Lucky.eD: gg
(167:04 / All) GOKUMAN69: you tryed your noob best
(167:33 / All) GapInTheTooth: all replays available at www.highper.ch
(167:58 / All) Mr.Wookums: spam bats to
(168:16 / Allies) Mr.Wookums: yeah
(168:19 / Allies) Mr.Wookums: more survivability
(168:21 / Allies) Mr.Wookums: and dps
(168:31 / All) Lucky.eD: AHHHH
(168:37 / All) Lucky.eD: NOOO